 Dungeon Crawl Stone Soup version 0.31-b1-18-g61460d1e46 (webtiles) character file.

Game seed: 12140686441404459577

435 groovy9 the Conjurer (level 6, -5/32 HPs)
             Began as a Deep Elf Conjurer on Jan 16, 2024.
             Slain by an ogre
             ... wielding a +0 giant club
              (10 damage)
             ... on level 4 of the Dungeon.
             The game lasted 00:07:28 (3708 turns).

groovy9 the Conjurer (Deep Elf Conjurer)            Turns: 3708, Time: 00:07:29

Health: -5/32      AC:  3    Str:  4    XL:     6   Next: 68%
Magic:  11/16      EV: 13    Int: 25    God:
Gold:   136        SH:  0    Dex: 19    Spells: 4/15 levels left

rFire   . . .        w - +4 dagger (freeze)
rCold   . . .        (no shield)
rNeg    . . .        r - +1 robe "Ekhla" {Dex+6}
rPois   .            (no helmet)
rElec   .            (no cloak)
rCorr   .            (no gloves)
SInv    .            (no boots)
Will    .....        (no amulet)
Stlth   ++           (no ring)
HPRegen 0.25/turn    (no ring)
MPRegen 0.15/turn

%: no passive effects
@: no status effects
A: no striking features
a: no special abilities


You were on level 4 of the Dungeon.
You visited 1 branch of the dungeon, and saw 4 of its levels.

You collected 136 gold pieces.

Inventory:

Hand Weapons
 w - a +4 dagger of freezing (weapon)
Armour
 f - a +0 buckler
 m - the +4 scale mail of the Sun {Will+ Regen+ Int-4 SInv}
   (You found it on level 2 of the Dungeon)

   Int-4:     It affects your intelligence (-4).
   Will+:     It increases your willpower.
   SInv:      It lets you see invisible.
   Regen+:    It increases your rate of health regeneration.
 r - the +1 robe "Ekhla" (worn) {Dex+6}
   (You found it on level 3 of the Dungeon)

   Dex+6:     It affects your dexterity (+6).
Jewellery
 o - an amulet of the acrobat
Scrolls
 c - 2 scrolls of enchant armour {unknown}
 e - a scroll of brand weapon {unknown}
 h - a scroll of silence {unknown}
 i - 2 scrolls of immolation {unknown}
 j - 5 scrolls of identify {unknown}
 k - 2 scrolls of teleportation {unknown}
 l - a scroll of enchant weapon {unknown}
 p - a scroll of revelation {unknown}
 s - a scroll of noise {unknown}
 t - a scroll of butterflies {unknown}
Potions
 b - a potion of magic
 d - a potion of invisibility {unknown}
 g - a potion of haste {unknown}
 n - a potion of degeneration {unknown}
 q - a potion of cancellation {unknown}
 u - a potion of enlightenment {unknown}
 v - a potion of mutation {unknown}


   Skills:
 - Level 2.8 Dodging
 - Level 2.8 Stealth
 + Level 2.4 Shields
 + Level 5.3 Spellcasting
 * Level 6.9 Conjurations


You had 4 spell levels left.
You knew the following spells:

 Your Spells              Type           Power      Damage    Failure   Level
a - Magic Dart            Conj           100%       1d8       1%          1
b - Searing Ray           Conj           82%        2d7       1%          2
c - Fulminant Prism       Conj/Alch      12%        3d9       19%         4
d - Iskenderun's Mystic   Conj/Tloc      24%        2d7       19%         4

Your spell library contained the following spells:

 Spells                   Type           Power      Damage    Failure   Level
 Mephitic Cloud           Conj/Alch/Air  18%        N/A       10%         3
 Mercury Vapours          Alch/Air       12%        N/A       12%         2
 Flame Wave               Conj/Fire      24%        2d8       19%         4
 Inner Flame              Hex/Fire       6%         N/A       24%         3
 Passage of Golubria      Tloc           6%         N/A       61%         4
 Sticky Flame             Fire/Alch      6%         2d4       61%         4
 Freezing Cloud           Conj/Ice/Air   9%         6-21      65%         5
 Silence                  Hex/Air        3%         N/A       91%         5
 Lehudib's Crystal Spear  Conj/Erth      12%        10d4      100%        8


Dungeon Overview and Level Annotations

Branches:
Dungeon (4/15)
 Temple: D:4-7

Altars:
Dithmenos
Elyvilon


Message History

(Press . to maintain the ray.)
You now have 136 gold pieces (gained 14).
An ogre comes into view. It is wielding a +0 giant club.
The ogre shouts!
Casting: Searing Ray (safe; 1% risk of failure)
Confirm with . or Enter, or press ? or * to list all spells.
Aiming: Magic Dart (safe; 1% risk of failure)
Press: ? - help, Shift-Dir - straight line, f - ogre
Aim: an ogre, wielding a +0 giant club (100% to hit)
The magic dart hits the ogre.
The ogre is moderately wounded.
A goblin comes into view. It is wielding a +3 dagger.
A scorpion comes into view.
Casting: Magic Dart (safe; 1% risk of failure)
Confirm with . or Enter, or press ? or * to list all spells.
Aiming: Searing Ray (safe; 1% risk of failure)
Press: ? - help, Shift-Dir - straight line, f - goblin, p - ogre
Aim: a goblin, wielding a +3 dagger (wandering, hasn't noticed you, 77% to hit)
The searing ray hits the goblin!
You kill the goblin! (Press . to maintain the ray.)
An orc comes into view. It is wielding a +0 flail.
The searing ray hits the ogre!
The ogre is heavily wounded.
The orc shouts!
The searing ray hits the ogre!
The ogre is almost dead.
The searing ray hits the ogre.
The ogre is almost dead.
The searing ray hits the orc.
The orc is moderately wounded.
You finish channelling your searing ray.
A kobold comes into view.
It is wielding a +0 falchion and quivering poisoned darts.
The ogre attacks as it pursues you!
The ogre hits you with a +0 giant club!!
Ouch! That really hurt!
* * * LOW HITPOINT WARNING * * *
The kobold shouts!
The ogre attacks as it pursues you! The ogre hits you with a +0 giant club!
You die...

. #. #( #.
### .K #.
..###### #)
#. #.......
#.#.###.....
#o..##..#
#.s...#
##O#..#
#@#..#
#.#..####
..#.....#
####.###.#
#.# #.#
#.###.####
#........#
#####.##.#
#######.##.#


You could see an ogre and a scorpion.

Vanquished Creatures
  A scorpion (D:4)
  4 wights (D:3)
  6 gnolls
  4 adders
  2 dart slugs
  A ribbon worm (D:2)
  An orc (D:2)
  3 ball pythons
  5 bats
  4 endoplasms (D:1)
  A giant cockroach (D:3)
  12 goblins
  8 hobgoblins
  3 jackals (D:1)
  3 quokkas (D:1)
  6 frilled lizards
  8 kobolds
  6 rats
78 creatures vanquished.

Notes
Turn   | Place    | Note
-------+----------+-------------------------------------------
     0 | D:1      | groovy9 the Deep Elf Conjurer began the quest for the Orb.
     0 | D:1      | Reached XP level 1. HP: 10/10 MP: 6/6
    13 | D:1      | Reached XP level 2. HP: 15/15 MP: 0/8
   244 | D:1      | Learned a level 2 spell: Searing Ray
   711 | D:1      | Reached XP level 3. HP: 19/19 MP: 8/10
   952 | D:1      | Reached skill level 5 in Conjurations
  1668 | D:2      | Reached skill level 1 in Shields
  1668 | D:2      | Reached XP level 4. HP: 24/24 MP: 6/11
  1668 | D:2      | Identified the +4 scale mail of the Sun {Will+ Regen+ Int-4
                  | SInv}
  1951 | D:2      | Found a shadowy altar of Dithmenos.
  2927 | D:3      | Identified the +1 robe "Ekhla" {Dex+6}
  2928 | D:3      | Found a white marble altar of Elyvilon.
  3064 | D:3      | Reached XP level 5. HP: 24/28 MP: 7/13
  3066 | D:3      | Reached skill level 6 in Conjurations
  3066 | D:3      | Reached XP level 6. HP: 28/32 MP: 4/15
  3072 | D:3      | Reached skill level 5 in Spellcasting
  3607 | D:4      | Learned a level 4 spell: Fulminant Prism
  3612 | D:4      | Learned a level 4 spell: Iskenderun's Mystic Blast
  3708 | D:4      | Slain by an ogre

Illustrated notes

Levels and vault maps discovered:
D:1:      sevenhm_arrival_forest_fort_large_4, layout_basic
D:2:      layout_basic, basic_altar, minmay_domino_2
D:3:      layout_basic, nicolae_elyvilon_peaceful_grove, kennysheep_small_spiral
D:4:      layout_loops_ring, lemuel_crystal_altar,
          mainiacjoe_overflow_large_starburst, minmay_temple_entry_grid,
          minmay_circle_x

Skill      XL: |  1  2  3  4  5  6 |
---------------+-------------------+-----
Conjurations   | 5 6 |  6.9
Shields        | 1 2 |  2.4
Spellcasting   | 4 5 |  5.3
Dodging        | |  2.8
Stealth        | |  2.8

Action                     |  1- 3 |  4- 6 || total
---------------------------+-------+-------++-------
  Melee: Unarmed           |     3 |       ||     3
   Cast: Magic Dart        |    36 |    31 ||    67
         Searing Ray       |    15 |    23 ||    38
 Armour: Robe              |     1 |     7 ||     8
  Dodge: Dodged            |     9 |     5 ||    14
